 Dungeon Crawl Stone Soup version 0.28.0-47-ge53b351184 (webtiles) character file.

Game seed: 7180582271429838386

172 GigaChad the Skirmisher (level 5, -4/44 HPs)
             Began as a Palentonga Fighter on Apr 27, 2022.
             Was a Believer of Cheibriados.
             Slain by a gnoll
             ... wielding a +0 halberd
              (8 damage)
             ... on level 4 of the Dungeon.
             The game lasted 00:12:56 (2231 turns).

GigaChad the Skirmisher (Palentonga Fighter)        Turns: 2231, Time: 00:12:57

Health: -4/44      AC:  6    Str: 24    XL:     5   Next: 27%
Magic:  14/14      EV:  7    Int: 19    God:    Cheibriados [**....]
Gold:   127        SH:  5    Dex: 17    Spells: 4/4 levels left

rFire   . . .      SeeInvis +   a - +1 long sword
rCold   . . .      Faith    .   c - +0 buckler
rNeg    . . .      Spirit   .   b - +0 scale mail
rPois   .          Reflect  .   (no helmet)
rElec   .          Harm     .   (no cloak)
rCorr   .          Rampage  .   (no gloves)
Will    .....                   (no barding)
Stlth   ..........              (no amulet)
HPRegen 0.14/turn               g - +6 ring of intelligence
MPRegen 0.14/turn               i - ring of magical power

@: very slow
A: large, rugged brown scales 3, see invisible, deformed body, roll 1, armoured
tail
a: Rolling Charge, Renounce Religion, Bend Time


You were on level 4 of the Dungeon.
You worshipped Cheibriados.
Cheibriados was pleased with you.
You visited 1 branch of the dungeon, and saw 4 of its levels.

You collected 127 gold pieces.

Inventory:

Hand Weapons
 a - a +1 long sword (weapon)
Missiles
 e - 2 throwing nets
Armour
 b - a +0 scale mail (worn)
 c - a +0 buckler (worn)
Magical Staves
 j - a staff of earth
Jewellery
 g - a +6 ring of intelligence (left hand)
 i - a ring of magical power (right hand)
Scrolls
 k - a scroll of teleportation {unknown}
Potions
 d - a potion of might
 f - 2 potions of mutation {unknown}
 h - a potion of heal wounds {unknown}
 l - a potion of curing {unknown}


   Skills:
 + Level 3.8 Fighting
 + Level 3.5 Long Blades
 + Level 3.1 Armour
 + Level 0.5 Dodging
 + Level 0.1 Stealth
 + Level 3.1 Shields


You had 4 spell levels left.
You didn't know any spells.
Your spell library contained the following spells:

 Spells                   Type           Power      Damage    Failure   Level
 Conjure Flame            Conj/Fire      0%         6-21      88%         3
 Ignite Poison            Fire/Tmut/Pois 0%         N/A       88%         3
 Sticky Flame             Conj/Fire      0%         2d3       99%         4


Dungeon Overview and Level Annotations

Branches:
Dungeon (4/15)
 Temple: D:4-7

Altars:
Ashenzari
Cheibriados
Qazlal


Innate Abilities, Weirdness & Mutations

You are completely covered in rugged brown scales. (AC +3, +7% HP)
You have supernaturally acute eyesight. (SInv)
Armour fits poorly on your strangely shaped body.
You can roll at nearby foes to attack.
You have a long armoured tail.


Message History

The gnoll shouts!
You hit the gnoll.
The gnoll is severely wounded.
You block the gnoll's attack.
You closely miss the gnoll.
The gnoll is severely wounded.
You block the gnoll's attack.
You slash the gnoll!
You kill the gnoll!
Cheibriados appreciates the change of pace.
The gnoll hits you with a +0 halberd!
You hit the gnoll.
The gnoll is moderately wounded.
You barely miss the gnoll. The gnoll hits you but does no damage.
The gnoll barely misses you. The gnoll barely misses you.
The gnoll hits you but does no damage. The gnoll barely misses you.
You block the gnoll's attack.
The gnoll hits you from afar with a +0 halberd. x2
You hit the gnoll.
The gnoll is moderately wounded.
You block the gnoll's attack. x2
The gnoll hits you from afar with a +0 spear.
Unknown command.
You closely miss the gnoll.
The gnoll is moderately wounded.
The gnoll hits you with a +0 club. The gnoll barely misses you.
You block the gnoll's attack.
You hit the gnoll.
The gnoll is heavily wounded.
The gnoll barely misses you.
The gnoll hits you from afar with a +0 halberd.
* * * LOW HITPOINT WARNING * * *
The gnoll hits you from afar with a +0 spear!
* * * LOW HITPOINT WARNING * * *
The gnoll hits you but does no damage.
You slash the gnoll!
You kill the gnoll!
Cheibriados appreciates the change of pace.
The gnoll hits you from afar with a +0 halberd!
You die...

. g. ... #######
.... #+#.....#
.....
#.#≈...g##......
#@.g†).#
+)..#....#
#...#.#..#
##.##$. .# #.#
### # ###.##
#....# #....##
#....<#


You could see 2 gnolls.

Vanquished Creatures
  A bullfrog skeleton (D:4)
  A hound skeleton (D:4)
  9 adders
  2 gnolls (D:4)
  A worm (D:2)
  A dart slug (D:2)
  2 orcs (D:3)
  A bat (D:2)
  3 endoplasms (D:3)
  4 giant cockroaches
  5 hobgoblins
  2 quokkas
  2 ball pythons
  4 frilled lizards
  6 rats
44 creatures vanquished.

Vanquished Creatures (others)
  3 plants (D:1)
  2 withered plants (D:1)
5 creatures vanquished.

Grand Total: 49 creatures vanquished

Notes
Turn   | Place    | Note
-------+----------+-------------------------------------------
     0 | D:1      | GigaChad the Palentonga Fighter began the quest for the
                  | Orb.
     0 | D:1      | Reached XP level 1. HP: 19/19 MP: 1/1
    97 | D:1      | Found a faded altar of an unknown god.
   125 | D:1      | Prayed at the altar of an unknown god.
   125 | D:1      | Became a worshipper of Cheibriados the Contemplative
   125 | D:1      | Reached * piety under Cheibriados
   660 | D:1      | Reached XP level 2. HP: 24/25 MP: 2/2
   749 | D:2      | Reached XP level 3. HP: 30/31 MP: 3/3
   969 | D:2      | Reached XP level 4. HP: 32/39 MP: 4/4
  1112 | D:2      | Reached ** piety under Cheibriados
  1785 | D:3      | Found a broken altar of Ashenzari.
  1785 | D:3      | Found a stormy altar of Qazlal.
  2196 | D:4      | Reached XP level 5. HP: 37/44 MP: 5/5
  2231 | D:4      | Slain by a gnoll

Illustrated notes

Levels and vault maps discovered:
D:1:      minmay_arrival_floating_metal, layout_loops_ring,
          shapermc_ecumenical_altar_flowoftime
D:2:      layout_basic
D:3:      layout_basic, mainiacjoe_overflow_large_starburst
D:4:      layout_basic, serial_shops, nicolae_shop_hallway_plus,
          columned_hall_lemuel, minmay_shop_enchanted_jewellery

Skill      XL: |  1  2  3  4 |
---------------+-------------+-----
Shields        | 3 |  3.1
Long Blades    | 3 |  3.5
Armour         | 3 |  3.1
Fighting       | |  3.8
Dodging        | |  0.5
Stealth        | |  0.1

Action                   |  1- 3 |  4- 6 || total
-------------------------+-------+-------++-------
Melee: Long sword        |    73 |    63 ||   136
       Tailslap          |     9 |     8 ||    17
  Use: Scroll            |     3 |       ||     3
Armor: Scale mail        |    26 |    26 ||    52
Dodge: Dodged            |    25 |    23 ||    48
Block: Buckler           |    17 |    21 ||    38
